 Dungeon Crawl Stone Soup version 0.27.1-1-g398f81649c (webtiles) character file.

Game seed: 8238608707019797767

110965 Kinoniko the Bludgeoner (level 16, -2/149 HPs)
             Began as a Minotaur Berserker on Sept 9, 2021.
             Was a High Priest of Trog.
             Killed from afar by a starcursed mass (7 damage)
             ... with an accursed screaming
             ... on level 2 of the Abyss.
             The game lasted 00:33:45 (31672 turns).

Kinoniko the Bludgeoner (Minotaur Berserker)       Turns: 31672, Time: 00:33:45

Health: -2/149     AC: 30    Str: 31    XL:     16   Next: 8%
Magic:  11/11      EV:  8    Int:  2    God:    Trog [*****.]
Gold:   2508       SH: 13    Dex:  7    Spells: 15/15 levels left

rFire    + + +     SeeInvis .   N - +2 eveningstar (drain)
rCold    . . .     Faith    +   n - +0 kite shield
rNeg     . . .     Spirit   .   C - +0 crystal plate armour of the Playwright {Fly rPois rF+}
rPois    +         Reflect  .   (helmet restricted)
rElec    +         Harm     .   Z - scarf {repulsion}
rCorr    +         Rampage  +   w - +2 pair of gloves
Will     ++++.     Rnd*Rage +   X - +1 pair of boots {Stlth+}
Stlth    ..........             x - amulet of Leheox {Faith Rampage rElec rF++ Dex-4}
HPRegen  1.34/turn              I - ring of Sunlight {Wiz rElec rCorr Str+5 Stlth-}
MPRegen  0.12/turn              k - ring of willpower

@: mighty, strong-willed, unable to read, on berserk cooldown, flying, very
slightly contaminated, regenerating, slowed, repel missiles, very slow
A: horns 2, retaliatory headbutt, [berserk 1], [dopey 2], [low mp 2], [no potion
heal 1]
a: Renounce Religion, Berserk, Trog's Hand, Brothers in Arms


You were on level 2 of the Abyss.
You worshipped Trog.
Trog was extremely pleased with you.
You visited 5 branches of the dungeon, and saw 25 of its levels.
You visited the Abyss 1 time.
You also visited: Bailey and Volcano.

You collected 2859 gold pieces.
You spent 351 gold pieces at shops.

Inventory:

Hand Weapons
 j - the +11 plutonium sword {Contam Stlth-}
   (You found it on level 13 of the Dungeon)

   It occasionally inflicts wild transmutation effects on those it strikes,
   inflicting malmutation or extra damage, or polymorphing them into a new form.
   Contam:    It causes magical contamination when unequipped.
   Stlth:     It makes you less stealthy.
 N - a +2 eveningstar of draining (weapon)
Missiles
 b - 3 throwing nets (quivered)
Armour
 n - a +0 kite shield (worn)
 o - a +2 buckler of resistance
 u - a +0 tower shield
 w - a +2 pair of gloves (worn)
 C - the +0 crystal plate armour of the Playwright (worn) {Fly rPois rF+}
   (You acquired it on level 7 of the Dungeon)

   rF:        It protects you from fire.
   rPois:     It protects you from poison.
   Fly:       It grants you flight.
 H - a +0 crystal plate armour
 X - a +1 pair of boots of stealth (worn)
 Z - a scarf of repulsion (worn)
Jewellery
 k - a ring of willpower (right hand)
 m - a +6 ring of strength
 p - a ring of flight
 t - an amulet of reflection
 x - the amulet of Leheox (around neck) {Faith Rampage rElec rF++ Dex-4}
   (You found it on level 5 of the Dungeon)

   [amulet of faith]

   It allows you to gain divine favour quickly.
   Dex:       It affects your dexterity (-4).
   rF:        It greatly protects you from fire.
   rElec:     It insulates you from electricity.
   Rampage:   It bestows one free step when moving towards enemies.
 B - a ring of magical power
 I - the ring of Sunlight (left hand) {Wiz rElec rCorr Str+5 Stlth-}
   (You found it on level 6 of the Lair of Beasts)

   [ring of wizardry]

   It improves your spell success rate.
   Str:       It affects your strength (+5).
   rElec:     It insulates you from electricity.
   rCorr:     It protects you from acid and corrosion.
   Stlth:     It makes you less stealthy.
 O - a ring of willpower
 V - a ring of protection from cold
Wands
 l - a wand of paralysis (24)
 A - a wand of mindburst (8)
 D - a wand of flame (101)
 L - a wand of digging (18)
 Q - a wand of acid (5)
 U - a wand of polymorph (3)
 Y - a wand of charming (15)
Scrolls
 c - a scroll of torment
 e - 2 scrolls of holy word
 h - 15 scrolls of teleportation
 i - 2 scrolls of magic mapping
 r - 5 scrolls of fog
 y - a scroll of identify
 F - 5 scrolls of fear
 J - 6 scrolls of blinking
Potions
 a - 4 potions of curing
 d - 3 potions of haste
 f - 4 potions of lignification
 g - 3 potions of magic
 s - a potion of might
 v - 3 potions of mutation
 z - a potion of berserk rage
 E - a potion of resistance
 P - 2 potions of ambrosia
 S - 2 potions of cancellation
Miscellaneous
 R - a tin of tremorstones (2/2)


   Skills:
 * Level 15.3 Fighting
 - Level 20.0 Maces & Flails
 - Level 16.1 Armour
 + Level 10.9 Dodging
 + Level 10.9 Shields


You had 15 spell levels left.
You didn't know any spells.
Your spell library was empty.

Dungeon Overview and Level Annotations

Branches:
Dungeon (15/15)            Temple (0/1) D:4            Lair (6/6) D:11
  Swamp (1/4) Lair:3        Snake (1/4) Lair:2        Slime (0/5) Lair:5
    Orc (2/2) D:12            Elf (0/3) Orc:2        Vaults (0/5) D:14
 Depths (0/5) D:15         Bailey (visited)         Volcano (visited)

Altars:
Cheibriados
Elyvilon
Nemelex Xobeh
Ru
Sif Muna
Trog
Uskayaw
Xom
Jiyva
Lugonu

Shops:
D:3 :   D:7 [   D:9 *   D:14 !   Orc:2 !*:[*

Portals:
Abyss: Lair:6

Annotations:
D:7 3 runed translucent doors, Artemis's ghost, novice DjFE
Lair:5 1 runed translucent door
Swamp:1 Louise


Innate Abilities, Weirdness & Mutations

You have a pair of horns on your head.
You reflexively headbutt those who attack you in melee.
[You tend to lose your temper in combat.]
[You are very dopey. (Int -4)]
[Your magical capacity is very low. (-20% MP)]
[Potions are less effective at restoring your health.]


Message History

You see here a raiju corpse.
You swap places.
You flicker back into view.
The thrashing horror roars!
A thrashing horror comes into view.
Your ogre hits the starcursed mass with a +0 giant club!!
The starcursed mass is destroyed!
Trog accepts your kill.
Your iron troll rages.
Your ogre hits the starcursed mass with a +0 giant club!!
The starcursed mass is destroyed!
Trog accepts your kill.
There are monsters nearby!
Unknown command.
You cannot read scrolls in your current state!
Unknown command.
You rampage towards the thrashing horror!
The thrashing horror tramples you!
* * * LOW HITPOINT WARNING * * *
You are shoved backwards!
The thrashing horror tramples you but does no damage. x2
Your ogre hits the starcursed mass with a +0 giant club!!
The starcursed mass is destroyed!
Trog accepts your kill.
A starcursed mass splits.
You see here a raiju corpse.
Unknown command.
You spit the thrashing horror like a pig!!!
You headbutt the thrashing horror!
You destroy the thrashing horror!
Trog accepts your kill.
Your ogre hits the starcursed mass with a +0 giant club!!
The starcursed mass is destroyed!
Trog accepts your kill. Trog grants you a weapon!
Something appears at your feet!
You see here a +2 mace.
The thrashing horror tramples you but does no damage.
You block the thrashing horror's attack.
The starcursed mass shrieks in your mind.
You die...

≈≈≈≈#...X≈ #
.≈≈≈.X.... . #♣
♣#≈#§÷≈X.. . .. #..
♣♣.≈#.≈T≈... . .
...♣♣#..#≈..O##≈#
.. ♣...#≈≈≈≈.#..#.
. ..#≈≈≈##.#..# . #
##..†!†#..# ♣
#.@†##.## .. ##
#X#....# #.#. #
#..#..#....## # .
.....#..#.#....# #
. #...............#
.#
.....#....###.#...#
. ........##.
#.#.... # .....#.#
#. #... # .....## .
.#. .


You could see a starcursed mass (ally target), a thrashing horror, a friendly
iron troll (summoned, berserk) and a friendly ogre (summoned, berserk).

Vanquished Creatures
  A lich (Abyss:2)
  A frost giant (D:15)
  3 bunyips (Swamp:1)
  Josephine (Lair:4)
  2 naga warriors (Snake:1)
  A boulder beetle (D:13)
  2 alligators (Swamp:1)
  12 hydras
  4 two-headed ogres
  5 centaur warriors
  12 death yaks (Lair:6)
  5 tengu warriors
  5 thrashing horrors
  A wretched star (Abyss:2)
  A spriggan (Swamp:1)
  A sixfirhy (Abyss:2)
  2 skeletal warriors (Volcano)
  A bog body (Swamp:1)
  A swamp dragon (Swamp:1)
  A wizard (D:14)
  A lindwurm (Lair:5)
  5 orc knights
  4 deep elf pyromancers
  3 manticores
  4 ugly things
  An orb spider (shapeshifter) (D:14)
  8 oklob plants
  An orc sorcerer (Orc:1)
  4 cyclopes
  8 black mambas
  A guardian serpent (shapeshifter) (Lair:6)
  A rust devil (Abyss:2)
  14 cane toads
  2 torpor snails (Lair:6)
  3 gargoyles (Volcano)
  6 large abominations
  An orange demon (Abyss:2)
  A kobold demonologist (D:9)
  3 unseen horrors
  A yaktaur (D:12)
  3 rime drakes
  A komodo dragon (shapeshifter) (Lair:6)
  9 komodo dragons
  An efreet (D:15)
  2 freezing wraiths (D:15)
  A hellwing (Abyss:2)
  A tormentor (Abyss:2)
  A polar bear (Lair:5)
  A tengu conjurer (D:13)
  2 ancient zymes
  4 trolls
  A queen bee (shapeshifter) (Lair:6)
  3 tyrant leeches
  A hornet (Swamp:1)
  A troll (shapeshifter) (D:14)
  A harpy skeleton (Volcano)
  9 raiju (Abyss:2)
  18 blink frogs
  A dream sheep (Lair:4)
  5 flying skulls
  Sigmund (D:5)
  An alligator skeleton (Volcano)
  2 shadows (D:12)
  A tarantella (shapeshifter) (Lair:6)
  7 wraiths
  2 ynoxinuls (Abyss:2)
  36 yaks
  A vampire (D:11)
  5 wyverns
  4 basilisks
  A neqoxec (Abyss:2)
  10 vampire mosquitoes
  A fire elemental (Abyss:2)
  4 chaos spawn (Lair:6)
  2 wargs (Orc:1)
  2 steam dragons (D:8)
  Menkaure (D:4)
  10 small abominations
  4 swamp worms
  A warg (shapeshifter) (D:14)
  Edmund (D:5)
  3 acid dragons
  17 water moccasins
  3 hell hounds (Abyss:2)
  36 orc warriors
  A sky beast (D:5)
  2 ice beasts
  A black bear (D:8)
  11 ogres
  A necrophage (D:5)
  28 wolves
  A tengu (shapeshifter) (Lair:6)
  15 centaurs
  2 phantoms
  Blork the orc (D:5)
  3 kobold brigands
  3 bullfrogs
  A gnoll sergeant (D:4)
  6 scorpions
  3 troll zombies (D:12)
  9 wights
  3 electric eels
  A spriggan skeleton (Volcano)
  5 howler monkeys
  4 centaur zombies
  3 hounds
  3 jellies
  A quasit (Abyss:2)
  12 orc priests
  3 gnoll shamans
  A centaur skeleton (D:6)
  Terence (D:2)
  4 iguanas
  12 orc wizards
  5 ogre zombies (D:12)
  2 naga skeletons (Volcano)
  A hound skeleton (D:4)
  2 howler monkey zombies
  Robin (D:4)
  21 gnolls
  A howler monkey skeleton (D:7)
  9 adders
  2 shadow imps
  2 ufetubi
  A worm (D:3)
  A dart slug (D:1)
  73 orcs
  8 bats
  8 endoplasms
  6 giant cockroaches
  10 goblins
  16 hobgoblins
  10 jackals
  5 quokkas
  6 ball pythons
  2 frilled lizards
  3 goblin skeletons (D:12)
  3 goblin zombies (D:12)
  A hobgoblin skeleton (D:12)
  4 hobgoblin zombies (D:12)
  20 kobolds
  2 orc skeletons (D:12)
  12 orc zombies (D:12)
  6 rats
740 creatures vanquished.

Vanquished Creatures (collateral kills)
  A tentacled starspawn (Abyss:2)
  An orc warlord (Orc:1)
  A naga warrior (Snake:1)
  A hydra (Lair:4)
  A wretched star (Abyss:2)
  A guardian serpent (Snake:1)
  2 blink frogs (Lair:6)
  An ice dragon zombie (Abyss:2)
  4 dream sheep (Lair:4)
  4 raiju (Abyss:2)
  2 large abominations (Abyss:2)
  5 orc warriors (Orc:2)
  An ogre (Orc:2)
  4 starcursed masses (Abyss:2)
  5 wolves (Lair:1)
  4 orc priests
  An orc wizard (Orc:2)
  7 orcs
46 creatures vanquished.

Vanquished Creatures (others)
  A bloated husk (Swamp:1)
  A small abomination (Abyss:2)
  A flying skull (Volcano)
  A swamp worm (Swamp:1)
  A centaur (Orc:2)
  An orc wizard (Orc:2)
  3 orcs
  27 fungi
  83 plants
  3 starspawn tentacles (Abyss:2)
122 creatures vanquished.

Grand Total: 908 creatures vanquished

Notes
Turn   | Place    | Note
-------+----------+-------------------------------------------
     0 | D:1      | Kinoniko the Minotaur Berserker began the quest for the
                  | Orb.
     0 | D:1      | Reached XP level 1. HP: 19/19 MP: 0/0
   157 | D:1      | Reached skill level 4 in Maces & Flails
   330 | D:1      | Reached XP level 2. HP: 26/26 MP: 1/1
   540 | D:1      | Reached ** piety under Trog
   544 | D:1      | Reached XP level 3. HP: 31/31 MP: 2/2
  1309 | D:2      | Noticed Terence
  1321 | D:2      | Killed Terence
  1322 | D:2      | Reached skill level 5 in Maces & Flails
  1322 | D:2      | Reached XP level 4. HP: 12/39 MP: 3/3
  2437 | D:2      | Found a faded altar of an unknown god.
  2616 | D:3      | Reached XP level 5. HP: 45/45 MP: 4/4
  2796 | D:3      | Found Rorinkor's Book Boutique.
  2881 | D:3      | Reached skill level 6 in Maces & Flails
  2990 | D:3      | Reached *** piety under Trog
  3571 | D:3      | Found a shimmering blue altar of Sif Muna.
  3668 | D:4      | Reached XP level 6. HP: 51/51 MP: 5/5
  3698 | D:4      | Noticed Menkaure
  3713 | D:4      | Noticed Robin
  3944 | D:4      | Killed Robin
  3976 | D:4      | HP: 2/51 [Menkaure (14)]
  3980 | D:4      | Killed Menkaure
  3981 | D:4      | Reached skill level 7 in Maces & Flails
  3981 | D:4      | Reached skill level 5 in Armour
  3981 | D:4      | Reached XP level 7. HP: 21/57 MP: 6/6
  4555 | D:4      | Reached skill level 8 in Maces & Flails
  4575 | D:4      | Reached skill level 5 in Dodging
  4752 | D:4      | Found a staircase to the Ecumenical Temple.
  4786 | D:5      | Entered Level 5 of the Dungeon
  4949 | D:5      | Reached skill level 9 in Maces & Flails
  4949 | D:5      | Reached XP level 8. HP: 53/64 MP: 7/7
  5101 | D:5      | Noticed Blork the orc
  5107 | D:5      | Killed Blork the orc
  5200 | D:5      | Noticed Edmund
  5210 | D:5      | Killed Edmund
  5413 | D:5      | Reached skill level 10 in Maces & Flails
  5448 | D:5      | Reached **** piety under Trog
  5784 | D:5      | Identified the amulet of Leheox {Faith Rampage rElec rF++
                  | Dex-4}
  5908 | D:5      | Noticed Sigmund
  5921 | D:5      | Killed Sigmund
  6203 | D:6      | Reached skill level 11 in Maces & Flails
  6312 | D:6      | Reached XP level 9. HP: 51/70 MP: 8/8
  6918 | D:6      | Found a bloodstained altar of Trog.
  7192 | D:7      | Found a runed translucent gate.
  7193 | D:7      | Found a runed translucent gate.
  7194 | D:7      | Found a runed translucent gate.
  7206 | D:7      | Found Dycoyz Lewer's Antique Armour Shoppe.
  7686 | D:7      | Noticed Artemis's ghost (novice DjFE)
  7713 | D:7      | Reached skill level 12 in Maces & Flails
  7929 | D:7      | Found a sparkling altar of Nemelex Xobeh.
  7964 | D:7      | Identified a scroll of acquirement
  7964 | D:7      | Acquired the +0 crystal plate armour of the Playwright {Fly
                  | rPois rF+}
  8139 | D:8      | Reached skill level 5 in Fighting
  8245 | D:8      | Reached ***** piety under Trog
  9385 | D:9      | Found Giumih's Sacrilege Store.
  9408 | D:9      | Found a flagged portal.
  9421 | Bailey   | Entered a bailey
  9562 | Bailey   | Reached skill level 13 in Maces & Flails
  9562 | Bailey   | Reached XP level 10. HP: 83/83 MP: 9/9
  9838 | Bailey   | Noticed an orc knight
  9852 | Bailey   | Killed an orc knight
 10278 | Bailey   | Identified the +9 mace "Hiniw" {vamp, rN+ Will+ Int+2}
 10504 | D:9      | Identified the +1 scale mail of the Sturgeon {Str+3 Int+3}
 10507 | D:9      | Received a gift from Trog
 10730 | D:9      | Found a hide-covered altar of Uskayaw.
 10789 | D:9      | Reached skill level 10 in Armour
 10879 | D:10     | Entered Level 10 of the Dungeon
 11056 | D:10     | Reached skill level 1 in Shields
 11065 | D:10     | Reached skill level 14 in Maces & Flails
 11393 | D:10     | Found a white marble altar of Elyvilon.
 11402 | D:10     | Acquired a +1 eveningstar of draining
 11657 | D:11     | Noticed a deep elf pyromancer
 11665 | D:11     | Reached XP level 11. HP: 50/93 MP: 10/10
 11691 | D:11     | Killed a deep elf pyromancer
 11848 | D:11     | Noticed an oklob plant
 11848 | D:11     | Noticed an oklob plant
 12353 | D:11     | Reached skill level 15 in Maces & Flails
 12637 | D:11     | Noticed an oklob plant
 12679 | D:11     | Found a staircase to the Lair.
 12702 | D:11     | Killed an oklob plant
 12709 | D:11     | Killed an oklob plant
 12713 | D:11     | Killed an oklob plant
 12714 | D:11     | Reached skill level 5 in Shields
 12850 | Lair:1   | Entered Level 1 of the Lair of Beasts
 12887 | Lair:1   | Received a gift from Trog
 13188 | Lair:1   | Reached skill level 16 in Maces & Flails
 13533 | Lair:1   | Reached XP level 12. HP: 95/101 MP: 11/11
 13790 | Lair:1   | Noticed a four-headed hydra
 13797 | Lair:1   | Killed a four-headed hydra
 13858 | Lair:1   | Noticed an eight-headed hydra
 13865 | Lair:1   | Killed an eight-headed hydra
 14746 | Lair:2   | Noticed a six-headed hydra
 14751 | Lair:2   | Killed a six-headed hydra
 14752 | Lair:2   | Reached skill level 17 in Maces & Flails
 15083 | Lair:2   | Found a staircase to the Snake Pit.
 15728 | Lair:2   | Noticed a five-headed hydra
 15735 | Lair:2   | Killed a five-headed hydra
 15878 | Lair:3   | Found a dark tunnel.
 16442 | Volcano  | Entered a volcano
 16797 | Volcano  | Reached skill level 18 in Maces & Flails
 16797 | Volcano  | Reached XP level 13. HP: 111/111 MP: 12/12
 17009 | Lair:3   | Found a staircase to the Swamp.
 17576 | Lair:4   | Noticed Josephine
 17585 | Lair:4   | Killed Josephine
 17863 | Lair:4   | Reached skill level 10 in Fighting
 19042 | Lair:5   | Received a gift from Trog
 19505 | Lair:5   | Found a runed translucent door.
 19506 | Lair:5   | Found a viscous altar of Jiyva.
 19509 | Lair:5   | Found a staircase to the Slime Pits.
 19563 | Lair:5   | Reached skill level 19 in Maces & Flails
 20016 | Lair:6   | Entered Level 6 of the Lair of Beasts
 20506 | Lair:6   | Reached XP level 14. HP: 124/124 MP: 13/13
 20609 | Lair:6   | Received a gift from Trog
 21390 | Lair:6   | Reached skill level 20 in Maces & Flails
 21714 | Lair:6   | Reached skill level 15 in Armour
 21955 | Lair:6   | Identified the ring of Sunlight {Wiz rElec rCorr Str+5
                  | Stlth-}
 21959 | Lair:6   | Found a corrupted altar of Lugonu.
 21959 | Lair:6   | Found a one-way gate to the infinite horrors of the Abyss.
 22052 | Lair:6   | Received a gift from Trog
 23005 | D:12     | Found a staircase to the Orcish Mines.
 23990 | D:13     | Found a sacrificial altar of Ru.
 24343 | D:13     | Found the +11 plutonium sword {Contam Stlth-}
 24446 | D:13     | Reached ****** piety under Trog
 24488 | D:13     | Received a gift from Trog
 24851 | Orc:1    | Entered Level 1 of the Orcish Mines
 24934 | Orc:1    | Noticed an orc warlord
 24958 | Orc:1    | Reached XP level 15. HP: 111/135 MP: 14/14
 24969 | Orc:1    | Killed an orc warlord
 25418 | Orc:2    | Entered Level 2 of the Orcish Mines
 25694 | Orc:2    | Identified the +5 glaive of the Wraith {flame, rElec} (Trog
                  | gifted it to you on level 2 of the Orcish Mines)
 25694 | Orc:2    | Received a gift from Trog
 25730 | Orc:2    | Found Horopaokh's Book Boutique.
 25730 | Orc:2    | Found Maogh's Assorted Antiques.
 25730 | Orc:2    | Found Repetoen's Distillery.
 25741 | Orc:2    | Found Weuqiw's Armour Shop.
 25754 | Orc:2    | Found a staircase to the Elven Halls.
 25867 | Orc:2    | Found Anumitt's Mayhem Merchandise.
 26080 | Orc:2    | Found a shimmering altar of Xom.
 26971 | D:14     | Identified the +1 scale mail of the Yeti {Dex+3 SInv}
 27009 | D:14     | Found a snail-covered altar of Cheibriados.
 27012 | D:14     | Found a gate to the Vaults.
 27016 | D:14     | Received a gift from Trog
 27108 | D:14     | Found Ylloat's Distillery.
 27114 | D:14     | Bought a potion of curing for 39 gold pieces
 27114 | D:14     | Bought a potion of curing for 39 gold pieces
 27114 | D:14     | Bought a potion of heal wounds for 65 gold pieces
 27114 | D:14     | Bought 2 potions of might for 104 gold pieces
 27114 | D:14     | Bought a potion of mutation for 104 gold pieces
 28068 | D:15     | Entered Level 15 of the Dungeon
 28616 | D:15     | Found a white marble altar of Elyvilon.
 28674 | D:15     | Reached skill level 10 in Dodging
 28728 | D:15     | Noticed a frost giant
 28736 | D:15     | Killed a frost giant
 28737 | D:15     | Found a staircase to the Depths.
 29352 | Snake:1  | Entered Level 1 of the Snake Pit
 29785 | Snake:1  | Received a gift from Trog
 30295 | Swamp:1  | Entered Level 1 of the Swamp
 30812 | Swamp:1  | Reached skill level 10 in Shields
 31219 | Swamp:1  | Noticed Louise
 31234 | Swamp:1  | Cast into level 2 of the Abyss (Louise)
 31234 | Abyss:2  | Found a corrupted altar of Lugonu.
 31298 | Abyss:2  | Found a corrupted altar of Lugonu.
 31537 | Abyss:2  | Noticed a lich
 31547 | Abyss:2  | Killed a lich
 31548 | Abyss:2  | Reached skill level 15 in Fighting
 31600 | Abyss:2  | Reached XP level 16. HP: 54/149 MP: 15/15
 31638 | Abyss:2  | Noticed a tentacled starspawn
 31641 | Abyss:2  | HP: 2/149 [tentacled starspawn (14)]
 31643 | Abyss:2  | Killed a tentacled starspawn
 31671 | Abyss:2  | HP: 4/149 [thrashing horror (8)]
 31672 | Abyss:2  | Received a gift from Trog
 31672 | Abyss:2  | Killed from afar by a starcursed mass

Illustrated notes

Levels and vault maps discovered:
D:1:      dpeg_arrival_connections, layout_basic
D:2:      minmay_skewed_foursquare, layout_basic,
          hellmonk_ecumenical_altar_leap_of_faith,
          chequers_serial_rivers_large_a, minmay_pentomino_s4, uniq_terence
D:3:      layout_loops_ring, lemuel_coloured_pillars_altar, serial_shops, shop
D:4:      layout_cave_pools, minmay_temple_entry_fiery, chequers_big_river,
          minivault_4, uniq_menkaure, uniq_robin
D:5:      layout_layer_cave, uniq_sigmund, uniq_edmund, uniq_blork_the_orc
D:6:      layout_loops_ring, trog_book
D:7:      layout_basic, nemelex_dance_club_becter, serial_shops,
          nicolae_lakefront_shop, ebering_ghost_rock_garden
D:8:      layout_basic
D:9:      layout_cave_pools, nicolae_uskayaw_dance_studio, enter_bailey_2,
          nicolae_evil_shop
D:10:     layout_rooms, lemuel_crystal_altar
D:11:     layout_rooms, dpeg_oklobed_lair, grunt_decor_mini_mirrors
D:12:     layout_basic, zombieorc2_lemuel
D:13:     layout_stronghold, nicolae_ru_the_path_less_chosen
D:14:     layout_stronghold, david_vaults_2, serial_rivers,
          chequers_serial_rivers_small_b, chequers_serial_rivers_small_a,
          chequers_serial_rivers_micro_c, chequers_serial_rivers_room_a,
          chequers_serial_rivers_micro_d, chequers_serial_rivers_micro_d,
          cheibriados_altar_1, serial_shops, nicolae_shop_trees
D:15:     grunt_enter_depths_snipers, layout_rooms, elyvilon_altar_5
Lair:1:   layout_roguey, grunt_forest_large_clearings,
          infiniplex_staircase_pool, lemuel_fruit_tree
Lair:2:   layout_concentric_octagons, minmay_snake_entry_six_corridors,
          serial_bayou_lagoon_b
Lair:3:   layout_cave_pods, minmay_swamp_entry_worms,
          nicolae_volcano_entry_hallway, chequers_serial_rivers_small_b
Lair:4:   layout_roguey, dpeg_oklob_1, grunt_megastairs_4, uniq_josephine
Lair:5:   layout_loops_ring, slime_altar_2
Lair:6:   hellmonk_lair_end_abyssal_woods, layout_cave_pods,
          chequers_serial_rivers_micro_e, minmay_lair_oklob_chamber
Swamp:1:  layout_basic_swamp, nicolae_swamp_godswood,
          nicolae_swamp_soggy_hallways, infiniplex_staircase_pool_2, uniq_louise
Snake:1:  layout_honeycomb, uniq_asterion
Orc:1:    layout_diamond_mine, lemuel_statue_altar
Orc:2:    st_orc_rangers, layout_caves, basic_altar, minmay_shop_mayhem
Abyss:2:  base:
Snake:2

Skill      XL: |  1  2  3  4  5  6  7  8  9 10 11 12 13 14 15 |
---------------+----------------------------------------------+-----
Maces & Flails | 4 5 6 7 9 11 13 14 16 18 19 20 | 20.0
Armour         | 3 4 5 6 8 9 10 12 13 14 15 16 | 16.1
Dodging        | 3 4 5 8 10 | 10.9
Fighting       | 5 7 9 11 13 15 | 15.3
Shields        | 3 6 7 8 10 | 10.9

Action                   |  1- 3 |  4- 6 |  7- 9 | 10-12 | 13-15 | 16-18 || total
-------------------------+-------+-------+-------+-------+-------+-------++-------
Melee: Mace              |    62 |    88 |       |       |       |       ||   150
       Headbutt          |     9 |    19 |    49 |    80 |   260 |     6 ||   423
       Morningstar       |       |    46 |   323 |   157 |       |       ||   526
       Eveningstar       |       |       |       |   498 |  1288 |    36 ||  1822
Throw: Throwing net      |       |       |       |       |     1 |       ||     1
Invok: Berserk           |     1 |     4 |    12 |    16 |    27 |     2 ||    62
       Trog's Hand       |       |     1 |       |     4 |     2 |     2 ||     9
       Brothers in Arms  |       |       |       |     2 |     5 |     3 ||    10
  Use: Scroll            |       |     4 |    16 |     7 |    10 |       ||    37
       Potion            |       |     2 |       |     5 |     3 |     4 ||    14
 Stab: Held in net/web   |       |       |       |       |     1 |       ||     1
       Invisible         |       |       |       |       |       |     2 ||     2
Armor: Animal skin       |     6 |       |       |       |       |       ||     6
       Ring mail         |     9 |       |       |       |       |       ||     9
       Chain mail        |       |    89 |   114 |       |       |       ||   203
       Crystal plate arm |       |       |    81 |   542 |   690 |    27 ||  1340
Dodge: Dodged            |    49 |    72 |   120 |   123 |   318 |    14 ||   696
       Repelled          |       |       |       |       |    16 |       ||    16
Block: Other             |       |    27 |    24 |       |       |       ||    51
       Reflection        |       |     1 |       |       |       |       ||     1
       Buckler           |       |       |       |   156 |   142 |       ||   298
       Kite shield       |       |       |       |       |   397 |    32 ||   429
